 Dungeon Crawl Stone Soup version 0.30-a0-913-g9934a0ce24 (webtiles) character file.

Game seed: 8988917049234014561

395 cforsyth the Covered (level 7, -8/55 HPs)
             Began as a Human Fighter on Mar 20, 2023.
             Killed by divine providence
             ... invoked by an orc priest
              (16 damage)
             ... on level 4 of the Dungeon.
             The game lasted 00:05:39 (2596 turns).

cforsyth the Covered (Human Fighter)                Turns: 2596, Time: 00:05:40

Health: -8/55      AC: 13    Str: 18    XL:     7   Next: 9%
Magic:  7/7        EV:  7    Int:  9    God:
Gold:   150        SH:  5    Dex: 12    Spells: 6/6 levels left

rFire   . . .      SeeInvis .    l - +2 mace (protect)
rCold   . . .      Faith    .    c - +0 buckler
rNeg    . . .      Spirit   .    s - +0 chain mail
rPois   .          Reflect  .    u - +2 hat
rElec   .          Rampage  .    p - +1 cloak
rCorr   .                        (no gloves)
Will    .....                    (no boots) Stlth
                                 (no amulet)
HPRegen 0.29/turn                (no ring)
MPRegen 0.10/turn                (no ring)

@: mighty
A: no striking features
a: no special abilities


You were on level 4 of the Dungeon.
You visited 1 branch of the dungeon, and saw 4 of its levels.

You collected 150 gold pieces.

Inventory:

Hand Weapons
 a - a +0 flail
 l - a +2 mace of protection (weapon)
Armour
 b - a +0 scale mail
 c - a +0 buckler (worn)
 g - the +5 buckler "Hanek" {rN+ Int+3}
   (You found it on level 4 of the Dungeon)

   Int:       It affects your intelligence (+3).
   rN:        It protects you from negative energy.
 p - a +1 cloak (worn)
 s - a +0 chain mail (worn)
 u - a +2 hat (worn)
Wands
 x - a wand of light (3)
Scrolls
 h - 3 scrolls of teleportation
 v - a scroll of vulnerability
Potions
 d - a potion of might
 f - 3 potions of flight
 o - a potion of invisibility
 r - a potion of mutation


   Skills:
 + Level 4.4 Fighting
 + Level 3.8 Maces & Flails
 + Level 4.5 Armour
 + Level 4.4 Shields


You had 6 spell levels left.
You didn't know any spells.
Your spell library contained the following spells:

 Spells                   Type           Power      Damage    Failure   Level
 Apportation              Tloc           0%         N/A       99%         1
 Alistair's Intoxication  Tmut/Pois      0%         N/A       100%        5


Dungeon Overview and Level Annotations

Branches:
Dungeon (4/15)
 Temple: D:4-7

Altars:

Shops:
D:2 [

Annotations:
D:3 1 runed translucent door, Sobieck's ghost, amateur SpEE


Message History

Something hits you.
The orc priest miscasts a cantrip.
The orc hits you but does no damage.
You hear some strange, mumbled words.
A puff of flame appears from out of thin air!
The puff of flame hits you! The orc hits you but does no damage.
The orc priest hits you but does no damage.
The orc priest closely misses you.
You hit the orc priest.
The orc priest is heavily wounded.
* * * LOW HITPOINT WARNING * * *
You feel very sick.
The orc priest hits you but does no damage.
Something hits you but does no damage. The orc barely misses you.
The orc priest completely misses you.
You feel better.
The orc priest calls upon Beogh to heal the orc priest.
The orc closely misses you. Something hits you but does no damage.
The orc priest invokes the aid of Beogh against you.
Pain shoots through your body!
* * * LOW HITPOINT WARNING * * *
Okay, then.
It was a potion of resistance.
You feel protected. The orc priest barely misses you.
Something hits you but does no damage. The orc priest completely misses you.
The orc hits you but does no damage.
It was a potion of cancellation.
Your magical effects are unravelling.
You feel magically purged.
Your resistance to elements expires.
The orc priest hits you but does no damage.
The orc hits you with a +0 whip.
* * * LOW HITPOINT WARNING * * *
The orc priest barely misses you. Something hits you but does no damage.
You feel very mighty all of a sudden. Something hits you.
* * * LOW HITPOINT WARNING * * *
The orc priest calls down the wrath of Beogh upon you.
Beogh smites you!
You die...

#..###.......####### #
...#.##..........#.#....
.........o...!.....#...#
..........#####.........
###.......#≈≈≈#..........
#.......#~≈~#..#.......
..........#~.~#..#.....# .
.#........##'##.o......#..
.##.............@{........
..#.............oo........
.....................
.....................
....###.##.........# ....
...#............ ..#
#..#...........8.
...##.....$....#..
.......#..#....# .


You could see 2 orc priests and an orc.

Vanquished Creatures
  A black bear (D:4)
  2 scorpions (D:4)
  3 sleepcaps (D:3)
  Terence (D:3)
  3 adders
  2 worms (D:2)
  2 orcs
  4 endoplasms
  4 giant cockroaches
  4 goblins
  3 hobgoblins
  8 kobolds
  4 quokkas
  5 ball pythons
  2 bats
  5 frilled lizards
  6 rats
59 creatures vanquished.

Notes
Turn   | Place    | Note
-------+----------+-------------------------------------------
     0 | D:1      | cforsyth the Human Fighter began the quest for the Orb.
     0 | D:1      | Reached XP level 1. HP: 18/18 MP: 1/1
   111 | D:1      | Reached XP level 2. HP: 24/24 MP: 2/2
   729 | D:2      | Reached XP level 3. HP: 29/29 MP: 3/3
   767 | D:2      | Found a faded altar of an unknown god.
  1034 | D:2      | Reached XP level 4. HP: 35/35 MP: 4/4
  1106 | D:2      | Found Harhogar's Armour Emporium.
  1280 | D:2      | Identified the +0 leather armour of Whack-A-Mole {Drain
                  | Will+ Regen+ rCorr}
  1612 | D:3      | Found a runed translucent door.
  1612 | D:3      | Noticed Sobieck's ghost (amateur SpEE)
  1704 | D:3      | Reached XP level 5. HP: 42/42 MP: 5/5
  2205 | D:3      | Noticed Terence
  2214 | D:3      | Killed Terence
  2437 | D:4      | Noticed a black bear
  2472 | D:4      | Killed a black bear
  2473 | D:4      | Reached XP level 6. HP: 39/48 MP: 6/6
  2566 | D:4      | Reached XP level 7. HP: 52/55 MP: 7/7
  2582 | D:4      | Identified the +5 buckler "Hanek" {rN+ Int+3}
  2596 | D:4      | Killed from afar by an orc priest

Illustrated notes

Levels and vault maps discovered:
D:1:      wander_arrival_peaceful_grave, layout_basic
D:2:      layout_basic, ebering_ecumenical_altar_webs, serial_shops, shop
D:3:      layout_rooms, gammafunk_ghost_grave, hellmonk_no_cap, uniq_terence
D:4:      kennysheep_goblin_castle, layout_cave_pools, serial_shops,
          kennysheep_mini_moat, serial_column_ruins, column_ruins_square_huge,
          column_ruins_hut_water, column_ruins_grid_1,
          column_ruins_corridor_dead_end, column_ruins_open_tiny,
          column_ruins_grid_4, column_ruins_open_small,
          column_ruins_columns_straight, cheibrodos_sewer_entry_bend,
          minmay_surrounded

Skill      XL: |  1  2  3  4  5 |
---------------+----------------+-----
Maces & Flails | 3 |  3.8
Armour         | 4 |  4.5
Fighting       | 4 |  4.4
Shields        | 4 |  4.4

Action                     |  1- 3 |  4- 6 |  7- 9 || total
---------------------------+-------+-------+-------++-------
  Melee: Flail             |    31 |       |       ||    31
         Mace              |    95 |   113 |     5 ||   213
    Use: Scroll            |       |    13 |       ||    13
         Potion            |       |       |     4 ||     4
 Armour: Scale mail        |    92 |     3 |       ||    95
         Chain mail        |       |    84 |    15 ||    99
  Dodge: Dodged            |    91 |    38 |    13 ||   142
  Block: Buckler           |    33 |    26 |     5 ||    64

Table legend: (Time is in decaauts)
 A = Elapsed time spent in this place.
 B = Non-inter-level travel time spent in this place.
 C = Inter-level travel time spent in this place.
 D = Time resting spent in this place.
 E = Time spent auto-exploring this place.
 F = Levels seen in this place.
 G = Mean time per level.
                   A        B        C        D        E       F      G
               +--------+--------+--------+--------+--------+-----+--------+
         Total |   2669 |   2527 |    142 |      2 |   1838 |   4 |  667.2 |
       Dungeon |   2669 |   2527 |    142 |      2 |   1838 |   4 |  667.2 |
               +--------+--------+--------+--------+--------+-----+--------+

Top non-repeatable levels by time:
     D:2: 1018 daAuts
     D:3: 799 daAuts
     D:1: 627 daAuts
     D:4: 224 daAuts
